 Dungeon Crawl Stone Soup version 0.27.1-2-g3b301248ec (webtiles) character file.

Game seed: 7236030772388564755

287541 Borgoz the Warrior (level 20, -13/140 HPs)
             Began as a Gargoyle Berserker on Sept 26, 2021.
             Was the Champion of Trog.
             Mangled by an orc knight (23 damage)
             ... on level 2 of the Vaults.
             The game lasted 01:09:39 (48284 turns).

Borgoz the Warrior (Gargoyle Berserker)            Turns: 48284, Time: 01:09:39

Health: -13/140    AC: 29    Str: 29    XL:     20   Next: 67%
Magic:  20/20      EV: 26    Int:  9    God:    Trog [******]
Gold:   2831       SH:  0    Dex: 28    Spells: 19/19 levels left

rFire    + . .     SeeInvis +   m - +9 dire flail (vorpal)
rCold    + + +     Faith    .   (shield currently unavailable)
rNeg     + + .     Spirit   .   T - +4 skin of Zhor {*Englaciate rC+++ SInv}
rPois    ∞         Reflect  .   N - +1 hat "Bodallay" {Dex+6}
rElec    +         Harm     .   j - scarf {rC+ rF+}
rCorr    +         Rampage  .   J - +4 pair of gloves of Viut Winnu {Dex+7}
Will     ++...                  (no boots)
Stlth    ++........             k - amulet of the acrobat
HPRegen  0.33/turn              i - ring "Usaogg" {rN+ Will+ rCorr}
MPRegen  0.17/turn              F - +6 ring of strength

@: frozen, on berserk cooldown, flying, slowed, very slow
A: sickness immunity, AC +15, big wings, negative energy resistance 1,
electricity resistance, torment resistance 1, petrification resistance
}: 2/15 runes: serpentine, barnacled
a: Renounce Religion, Berserk, Trog's Hand, Brothers in Arms


You were on level 2 of the Vaults.
You worshipped Trog.
Trog was exalted by your worship.
You visited 6 branches of the dungeon, and saw 33 of its levels.
You also visited: Gauntlet and Ice Cave.

You collected 3915 gold pieces.
You spent 1084 gold pieces at shops.

Inventory:

Hand Weapons
 m - a +9 vorpal dire flail (weapon)
 w - the +1 dire flail "Hohy" {antimagic, rF+ Str-2 Dex+4}
   (Trog gifted it to you on level 2 of the Vaults)

   It reduces the magical energy of the wielder, and disrupts the spells and
   magical abilities of those it strikes.
   Natural abilities and divine invocations are not affected.
   Str:       It affects your strength (-2).
   Dex:       It affects your dexterity (+4).
   rF:        It protects you from fire.
Missiles
 M - 14 throwing nets (quivered)
Armour
 j - a scarf of resistance (worn)
 n - the +8 plate armour of Magic {rCorr Str+3}
   (You found it on level 4 of the Shoals)

   Str:       It affects your strength (+3).
   rCorr:     It protects you from acid and corrosion.
 J - the +4 pair of gloves of Viut Winnu (worn) {Dex+7}
   (You found it in a Gauntlet)

   Dex:       It affects your dexterity (+7).
 N - the +1 hat "Bodallay" (worn) {Dex+6}
   (You found it in a Gauntlet)

   Dex:       It affects your dexterity (+6).
 T - the +4 skin of Zhor (worn) {*Englaciate rC+++ SInv}
   (You found it on level 3 of the Lair of Beasts)

   It radiates cold, occasionally slowing all nearby creatures who are not
   resistant to cold.
   rC:        It renders you almost immune to cold.
   SInv:      It lets you see invisible.
Jewellery
 i - the ring "Usaogg" (left hand) {rN+ Will+ rCorr}
   (You found it on level 4 of the Shoals)

   [ring of resist corrosion]

   rN:        It protects you from negative energy.
   rCorr:     It protects you from acid and corrosion.
   Will:      It increases your willpower.
 k - an amulet of the acrobat (around neck)
 p - the amulet of Unel Ban {rPois Regen+ Dex+6}
   (You found it on level 4 of the Shoals)

   [amulet of regeneration]

   Dex:       It affects your dexterity (+6).
   rPois:     It protects you from poison.
   Regen:     It increases your rate of health regeneration.
 s - a +6 ring of dexterity
 B - the ring "Joobb" {rPois EV+4 Str-3 Dex+7}
   (You found it in a Gauntlet)

   [ring of evasion]

   EV:        It affects your evasion (+4).
   Str:       It affects your strength (-3).
   Dex:       It affects your dexterity (+7).
   rPois:     It protects you from poison.
 F - a +6 ring of strength (right hand)
Wands
 a - a wand of mindburst (40)
 g - a wand of flame (82)
 o - a wand of digging (22)
 C - a wand of paralysis (15)
 P - a wand of iceblast (48)
Scrolls
 b - 5 scrolls of enchant armour
 c - 6 scrolls of fog
 d - 4 scrolls of enchant weapon
 f - a scroll of summoning
 h - 11 scrolls of teleportation
 l - a scroll of blinking
 q - 5 scrolls of identify
 u - a scroll of silence
 V - 3 scrolls of fear
Potions
 e - 4 potions of attraction
 r - 4 potions of heal wounds
 t - 2 potions of cancellation
 v - a potion of invisibility
 x - 7 potions of mutation
 D - a potion of berserk rage
 G - 3 potions of magic
 H - 4 potions of resistance
 K - 3 potions of haste
 L - 3 potions of might
 Q - 3 potions of ambrosia
 R - 4 potions of curing


   Skills:
 * Level 19.8 Fighting
 * Level 18.4 Maces & Flails
 * Level 19.7 Armour
 * Level 13.9 Dodging


You had 19 spell levels left.
You didn't know any spells.
Your spell library was empty.

Dungeon Overview and Level Annotations

Branches:
Dungeon (15/15)            Temple (0/1) D:5            Lair (6/6) D:11
 Shoals (4/4) Lair:4        Snake (4/4) Lair:3        Slime (0/5) Lair:6
    Orc (2/2) D:11            Elf (0/3) Orc:2        Vaults (2/5) D:14
  Crypt (0/3) Vaults:2     Depths (0/5) D:15          IceCv (visited)
Gauntlet (visited)

Altars:
Cheibriados
Elyvilon
Nemelex Xobeh
Okawaru
Qazlal
Vehumet
The Shining One

Shops:
D:3 [   Orc:2 ![?(   Shoals:4 **   Snake:4 ((

Portals:
Trove: D:10 (give 18 scrolls of teleportation)


Innate Abilities, Weirdness & Mutations

You are immune to sickness and miasma.
Your stone body is resilient. (AC +15)
You are immune to poison.
Your large and strong wings let you fly.
You resist negative energy. (rN+)
You are resistant to electric shocks. (rElec)
You are resistant to unholy torment.
You are immune to petrification.


Message History

The harpy simulacrum completely misses you.
The harpy simulacrum claws you but does no damage.
You sock the orc warlord!
The orc warlord is lightly wounded.
You are no longer berserk.
You are exhausted.
You feel yourself slow down. The boggart completely misses you.
The harpy simulacrum claws you but does no damage.
The harpy simulacrum barely misses you. The ironbound convoker misses you.
You bludgeon the orc warlord!!
The orc warlord is moderately wounded.
The ice encasing you melts away.
The harpy simulacrum completely misses you.
The harpy simulacrum misses you.
The ironbound frostheart calls freezing cold from the walls.
The frost grips you!! You partially resist.
You are encased in ice.
The yaktaur hits you but does no damage.
The orc knight misses you. The boggart completely misses you.
The orc warlord barely misses you.
The harpy simulacrum completely misses you.
The harpy simulacrum barely misses you.
You bludgeon the orc warlord!!
The orc warlord is heavily wounded.
The harpy simulacrum completely misses you. x2
The ironbound convoker hits you but does no damage.
The boggart completely misses you. The yaktaur barely misses you.
The orc knight hits you with a +0 great mace!!!
* * * LOW HITPOINT WARNING * * *
The harpy simulacrum closely misses you. x2
The orc warlord hits you with a +2 vorpal long sword!
* * * LOW HITPOINT WARNING * * *
x2 You barely miss the orc warlord.
The orc warlord is heavily wounded.
The harpy simulacrum misses you. x2; The boggart closely misses you.
The ironbound convoker hits you with a +0 mace.
* * * LOW HITPOINT WARNING * * *
The yaktaur misses you.
The orc knight hits you with a +0 great mace!!
You die...

#.#.. #.. #..
..... #...#...#
###........
..#$#...>.:
#.#........ ..
#.#p..#...#
....###c#gp......
.......o@p#...#..
#######o#Z.......
#.#[#.†.########+
#.#.###.#
#.......#
####'#####
#....}..#
#...÷...#
#.......#


You could see an orc warlord, an orc knight (strong), an ironbound frostheart
(strong), 2 ironbound convokers, a yaktaur, a boggart and a harpy simulacrum
(strong).

Vanquished Creatures
  A shard shrike (IceCv)
  Rupert (D:12)
  2 krakens
  Gastronok (D:8)
  4 nagarajas (Snake:4)
  Louise (Shoals:4)
  6 ironbound preservers
  Nessos (D:12)
  4 very ugly things
  2 dire elephants (Vaults:1)
  A minotaur (Gauntlet)
  A white draconian (IceCv)
  A merfolk javelineer (Shoals:1)
  8 merfolk impalers
  An ettin (D:15)
  A yaktaur captain (Vaults:1)
  2 great orbs of eyes
  19 naga warriors
  3 ironbound thunderhulks (Vaults:1)
  4 vault guards (D:14)
  An ice dragon (IceCv)
  7 hydras
  A rakshasa (D:15)
  4 salamander tyrants (Snake:4)
  An ogre mage (D:15)
  4 alligator snapping turtles
  7 merfolk avatars
  A boulder beetle (D:13)
  12 centaur warriors
  4 alligators
  A catoblepas (D:11)
  8 two-headed ogres
  14 anacondas
  4 ironbound frosthearts (IceCv)
  4 satyrs
  A tengu warrior (D:12)
  2 merfolk aquamancers
  17 death yaks
  3 ironbound beastmasters (Vaults:1)
  13 naga sharpshooters
  The ghost of PeterMcNeter the Carver, a novice OpMo of Okawaru (D:8)
  4 orc high priests
  Sonja (Lair:3)
  11 shock serpents
  18 deep trolls
  4 salamander mystics
  12 sea snakes
  4 skeletal warriors
  A tengu zombie (Vaults:1)
  6 lindwurms (Vaults:1)
  2 wizards
  3 necromancers
  An orange crystal statue (IceCv)
  4 naga ritualists
  6 ironbound convokers (Vaults:1)
  31 harpies
  A phantasmal warrior (Vaults:2)
  5 orc knights
  3 orc sorcerers (Orc:2)
  15 manticores
  7 mana vipers
  9 salamanders
  11 fauns
  5 cyclopes
  25 ugly things
  An oklob plant (Gauntlet)
  10 elephants
  3 merfolk sirens
  A guardian serpent (Snake:2)
  2 torpor snails
  A gargoyle (D:11)
  7 vault sentinels (Vaults:1)
  6 water nymphs
  11 naga magi
  42 black mambas
  Maggie (D:8)
  A smoke demon (Gauntlet)
  2 elf skeletons (Vaults:1)
  13 cane toads
  A hellion (Gauntlet)
  2 unseen horrors
  13 yaktaurs (Vaults:1)
  16 rime drakes
  A freezing wraith (Vaults:2)
  Psyche (D:8)
  2 tengu conjurers
  14 komodo dragons
  A red devil (Gauntlet)
  24 merfolk
  3 trolls
  18 wind drakes
  19 blink frogs
  29 polar bears
  5 raiju (Lair:6)
  11 snapping turtles
  2 dream sheep (Shoals:3)
  27 slime creatures
  A wraith (D:11)
  A redback (shapeshifter) (D:15)
  4 wyverns
  9 water elementals
  2 shadows (D:12)
  41 yaks
  Grum (D:11)
  5 basilisks
  3 vampire mosquitoes (D:7)
  49 nagas
  6 wargs
  3 acid dragons
  19 water moccasins
  12 hell hounds (Lair:6)
  22 orc warriors
  12 black bears
  A sky beast (D:8)
  A necrophage (D:7)
  An orc zombie (Vaults:1)
  9 ogres
  26 centaurs
  2 phantoms
  17 wolves
  11 kobold brigands
  11 bullfrogs
  2 gnoll sergeants (D:11)
  2 scorpions
  A wyvern skeleton (D:7)
  A water moccasin zombie (D:4)
  A water moccasin skeleton (D:5)
  6 howler monkeys
  8 electric eels
  3 crimson imps (Gauntlet)
  2 bullfrog zombies
  8 centaur zombies
  5 jellies
  16 orc priests
  2 centaur skeletons
  5 hounds
  A bullfrog skeleton (D:5)
  2 gnoll shamans
  Jessica (D:3)
  28 orc wizards
  A killer bee zombie (D:6)
  4 hound zombies (D:4)
  A mummy (D:3)
  2 hound skeletons
  15 gnolls
  8 adders
  2 shadow imps
  An ufetubus (D:4)
  4 adder zombies
  An adder skeleton (D:4)
  2 worms
  3 dart slugs (D:3)
  68 orcs
  6 ball pythons
  6 endoplasms
  4 giant cockroaches
  8 goblins
  2 hobgoblins (D:1)
  4 jackals (D:3)
  4 quokkas
  3 bats
  A frilled lizard (D:1)
  15 kobolds
  5 rats
  2 tentacles
1188 creatures vanquished.

Vanquished Creatures (collateral kills)
  Snorg (D:12)
  2 merfolk impalers
  4 vault guards (D:14)
  A naga warrior (Snake:1)
  A hydra (D:11)
  A merfolk avatar (Shoals:1)
  2 death yaks (Lair:4)
  3 merfolk aquamancers (Shoals:4)
  2 naga sharpshooters (Snake:1)
  A skeletal warrior (D:15)
  A sea snake (Shoals:4)
  A kraken simulacrum (Shoals:4)
  2 harpies (Shoals:1)
  A salamander (Snake:1)
  A merfolk siren (Shoals:4)
  5 merfolk
  3 nagas (Snake:1)
  An orc warrior (D:11)
  A kobold brigand (D:11)
  A gnoll sergeant (D:11)
35 creatures vanquished.

Vanquished Creatures (others)
  2 death yaks (Lair:6)
  A rime drake (Lair:6)
  A bush (Lair:6)
  24 fungi
  111 plants
  11 tentacles
  2 withered plants (D:4)
152 creatures vanquished.

Grand Total: 1375 creatures vanquished

Notes
Turn   | Place    | Note
-------+----------+-------------------------------------------
     0 | D:1      | Borgoz the Gargoyle Berserker began the quest for the Orb.
     0 | D:1      | Reached XP level 1. HP: 14/14 MP: 1/1
    46 | D:1      | Reached XP level 2. HP: 12/19 MP: 2/2
   738 | D:1      | Reached XP level 3. HP: 19/23 MP: 3/3
   904 | D:1      | Found a faded altar of an unknown god.
  1428 | D:2      | Reached ** piety under Trog
  1470 | D:2      | Reached XP level 4. HP: 29/29 MP: 4/4
  2279 | D:3      | Found an iron altar of Okawaru.
  2308 | D:3      | Found a sparkling altar of Nemelex Xobeh.
  2388 | D:3      | Reached XP level 5. HP: 20/33 MP: 5/5
  2660 | D:3      | Noticed Jessica
  2667 | D:3      | Found a snail-covered altar of Cheibriados.
  2674 | D:3      | Killed Jessica
  2810 | D:3      | Found Poqoyve's Armour Shop.
  3190 | D:4      | Noticed a phantom
  3191 | D:4      | You fall into a shaft and drop 3 floors!
  3205 | D:7      | Reached XP level 6. HP: 32/39 MP: 6/6
  3568 | D:5      | Entered Level 5 of the Dungeon
  3582 | D:5      | Reached skill level 5 in Fighting
  3758 | D:4      | Reached XP level 7. HP: 29/44 MP: 7/7
  4188 | D:4      | Identified the +2 hunting sling of the Jumping Hero {flame,
                  | rF+}
  4548 | D:4      | Found a white marble altar of Elyvilon.
  4558 | D:4      | Reached skill level 5 in Maces & Flails
  4575 | D:4      | Reached *** piety under Trog
  5278 | D:5      | Reached skill level 5 in Armour
  5328 | D:5      | Found a stormy altar of Qazlal.
  5482 | D:5      | Reached XP level 8. HP: 40/51 MP: 8/8
  5733 | D:5      | Found a staircase to the Ecumenical Temple.
  7107 | D:7      | Reached XP level 9. HP: 51/57 MP: 9/9
  8123 | D:8      | Found a runed translucent gate.
  8123 | D:8      | Noticed PeterMcNeter's ghost (novice OpMo)
  8124 | D:8      | Found a runed translucent gate.
  8125 | D:8      | Found a runed translucent gate.
  8319 | D:8      | Noticed Psyche
  8332 | D:8      | Killed Psyche
  8333 | D:8      | Reached skill level 5 in Dodging
  8395 | D:8      | Noticed Maggie
  8409 | D:8      | Killed Maggie
  8410 | D:8      | Reached XP level 10. HP: 30/65 MP: 10/10
  8652 | D:8      | Noticed Gastronok
  8668 | D:8      | Killed Gastronok
  9243 | D:9      | Reached **** piety under Trog
 10033 | D:8      | Killed PeterMcNeter's ghost
 10040 | D:8      | Reached skill level 10 in Fighting
 10053 | D:8      | Reached XP level 11. HP: 65/72 MP: 11/11
 10131 | D:10     | Entered Level 10 of the Dungeon
 10235 | D:10     | Noticed a two-headed ogre
 10245 | D:10     | Killed a two-headed ogre
 10246 | D:10     | Reached skill level 10 in Armour
 10430 | D:10     | Found a portal to a secret trove of treasure.
 10500 | D:10     | Noticed a cyclops
 10521 | D:10     | Killed a cyclops
 10791 | D:10     | Found a radiant altar of Vehumet.
 11483 | D:11     | Noticed a six-headed hydra
 11493 | D:11     | Killed a six-headed hydra
 11729 | D:11     | Found a staircase to the Lair.
 11755 | D:11     | Reached skill level 10 in Maces & Flails
 11943 | D:11     | Noticed Grum
 11969 | D:11     | Killed Grum
 12255 | D:11     | Noticed a catoblepas
 12270 | D:11     | Killed a catoblepas
 12589 | D:11     | Found a staircase to the Orcish Mines.
 12603 | D:11     | Reached XP level 12. HP: 52/80 MP: 12/12
 13035 | D:12     | Noticed Nessos
 13039 | D:12     | Noticed a two-headed ogre
 13053 | D:12     | Killed a two-headed ogre
 13062 | D:12     | Killed Nessos
 13071 | D:12     | HP: 4/81 [manticore (14)]
 13489 | D:12     | Noticed a tengu warrior
 13504 | D:12     | Killed a tengu warrior
 13641 | D:12     | Noticed a great orb of eyes
 13649 | D:12     | Noticed Snorg
 13653 | D:12     | Killed a great orb of eyes
 13661 | D:12     | Killed Snorg
 14498 | D:12     | Noticed Rupert
 14513 | D:12     | Killed Rupert
 15080 | Lair:1   | Entered Level 1 of the Lair of Beasts
 15134 | Lair:1   | You fall into a shaft and drop 1 floor!
 15265 | Lair:2   | Reached XP level 13. HP: 76/87 MP: 13/13
 16506 | D:5      | Identified the +1 scale mail of Qeoxke {Str+5 Dex+2}
 18041 | Lair:3   | Found the +4 skin of Zhor {*Englaciate rC+++ SInv}
 18159 | Lair:3   | Found a staircase to the Snake Pit.
 18249 | Lair:3   | Noticed Sonja
 18261 | Lair:3   | Killed Sonja
 19206 | Lair:4   | Gained mutation: Your large and strong wings let you fly.
                  | [Gargoyle growth]
 19206 | Lair:4   | Reached XP level 14. HP: 95/95 MP: 14/14
 19470 | Lair:4   | Found a staircase to the Shoals.
 20715 | Lair:6   | Entered Level 6 of the Lair of Beasts
 20867 | Lair:6   | Found a gate leading to a gauntlet.
 20881 | Gauntlet | Entered a Gauntlet
 20881 | Gauntlet | Found a transporter.
 20881 | Gauntlet | Found a transporter.
 20899 | Gauntlet | Found a transporter.
 20912 | Gauntlet | Found a transporter.
 20912 | Gauntlet | Found a transporter.
 20912 | Gauntlet | Found a transporter.
 20915 | Gauntlet | Found a transporter.
 20915 | Gauntlet | Found a transporter.
 20929 | Gauntlet | Found a transporter.
 20947 | Gauntlet | Found a transporter.
 20955 | Gauntlet | Noticed a dire elephant
 20957 | Gauntlet | Found a transporter.
 20958 | Gauntlet | Noticed a stone giant
 20964 | Gauntlet | Noticed a shadow dragon
 20964 | Gauntlet | a stone giant changed into a shadow dragon
 20972 | Gauntlet | Found a transporter.
 20992 | Gauntlet | Found a transporter.
 21001 | Gauntlet | Found a runed translucent door.
 21001 | Gauntlet | Found a runed translucent door.
 21005 | Gauntlet | Found a transporter.
 21130 | Gauntlet | Identified the +4 pair of gloves of Viut Winnu {Dex+7}
 21293 | Gauntlet | Noticed a caustic shrike
 21294 | Gauntlet | Noticed an acid blob
 21294 | Gauntlet | a caustic shrike changed into an acid blob
 21296 | Gauntlet | Identified the ring "Joobb" {rPois EV+4 Str-3 Dex+7}
 21311 | Gauntlet | Noticed a stone giant
 21311 | Gauntlet | an acid blob changed into a stone giant
 21316 | Gauntlet | Noticed a fire giant
 21316 | Gauntlet | a stone giant changed into a fire giant
 21329 | Gauntlet | Noticed a quicksilver dragon
 21329 | Gauntlet | a fire giant changed into a quicksilver dragon
 21380 | Gauntlet | Identified the +1 hat "Bodallay" {Dex+6}
 21401 | Gauntlet | Noticed a stone giant
 21410 | Gauntlet | Identified the +5 battleaxe of Floods {vorpal, rElec rC++
                  | MP+9 Str-2}
 21887 | Lair:6   | Reached ***** piety under Trog
 22150 | Lair:6   | Reached XP level 15. HP: 80/101 MP: 15/15
 22151 | Lair:6   | Reached skill level 15 in Fighting
 22243 | Lair:6   | Found a staircase to the Slime Pits.
 22658 | Lair:6   | Reached skill level 15 in Armour
 22758 | Lair:6   | Received a gift from Trog
 24560 | D:14     | Found a gate to the Vaults.
 24940 | D:14     | Received a gift from Trog
 25481 | D:14     | Reached XP level 16. HP: 110/110 MP: 16/16
 25934 | D:15     | Entered Level 15 of the Dungeon
 26171 | D:15     | Found a staircase to the Depths.
 26194 | D:15     | Identified the ring "Ogod" {rElec rC+ Str+5}
 26348 | D:15     | Reached skill level 10 in Dodging
 26464 | D:15     | Reached skill level 15 in Maces & Flails
 27314 | Orc:1    | Entered Level 1 of the Orcish Mines
 27390 | Orc:2    | Entered Level 2 of the Orcish Mines
 28318 | Orc:1    | Identified the +5 dire flail "Uwkuyj Kupt" {vorpal, rC++
                  | Str+2 SInv} (Trog gifted it to you on level 1 of the Orcish
                  | Mines)
 28318 | Orc:1    | Received a gift from Trog
 28662 | Orc:2    | Found a staircase to the Elven Halls.
 28991 | Orc:2    | Found Foesir's Armour Boutique.
 28991 | Orc:2    | Found Matoripi's Distillery.
 28997 | Orc:2    | Found Issavy's Antique Weapon Boutique.
 28997 | Orc:2    | Found Cacaw's Magic Scroll Shoppe.
 29007 | Orc:2    | Bought 3 scrolls of fear for 136 gold pieces
 29007 | Orc:2    | Bought a scroll of fog for 26 gold pieces
 29007 | Orc:2    | Bought a scroll of teleportation for 39 gold pieces
 29007 | Orc:2    | Bought a scroll of identify for 26 gold pieces
 29007 | Orc:2    | Bought a scroll of magic mapping for 45 gold pieces
 29009 | Orc:2    | Bought a potion of ambrosia for 128 gold pieces
 29009 | Orc:2    | Bought a potion of might for 64 gold pieces
 29009 | Orc:2    | Bought a potion of resistance for 160 gold pieces
 29016 | Orc:2    | Bought a scarf of resistance for 384 gold pieces
 29136 | Lair:1   | Identified a scroll of acquirement
 29136 | Lair:1   | Acquired 709 gold pieces
 29259 | Shoals:1 | Entered Level 1 of the Shoals
 29958 | Shoals:1 | Reached XP level 17. HP: 100/116 MP: 17/17
 30902 | Shoals:2 | Reached ****** piety under Trog
 31181 | Shoals:2 | Received a gift from Trog
 31684 | Shoals:2 | Noticed a kraken
 31704 | Shoals:2 | Killed a kraken
 33546 | Shoals:3 | Noticed a kraken
 33567 | Shoals:3 | Killed a kraken
 34116 | Shoals:4 | Entered Level 4 of the Shoals
 34361 | Shoals:4 | Received a gift from Trog
 34602 | Shoals:4 | Got a barnacled rune of Zot
 34880 | Shoals:4 | Noticed Louise
 34909 | Shoals:4 | Killed Louise
 35177 | Shoals:4 | Reached XP level 18. HP: 102/124 MP: 18/18
 35542 | Shoals:4 | Identified the +8 plate armour of Magic {rCorr Str+3}
 35549 | Shoals:4 | Found Vibyrch's General Store.
 35551 | Shoals:4 | Found Veraexec's Specific Store.
 35564 | Shoals:4 | Bought a scroll of identify for 38 gold pieces
 35564 | Shoals:4 | Bought a scroll of identify for 38 gold pieces
 35879 | Shoals:4 | Identified the ring "Usaogg" {rN+ Will+ rCorr}
 35899 | Shoals:4 | Identified the amulet of Unel Ban {rPois Regen+ Dex+6}
 36738 | Shoals:4 | Identified the +7 scimitar "Etzah" {vorpal, *Rage +Blink
                  | MP+9 Int+3}
 37052 | Snake:1  | Entered Level 1 of the Snake Pit
 37093 | Snake:1  | Received a gift from Trog
 38895 | Snake:2  | Found a frozen archway.
 38956 | IceCv    | Entered an ice cave
 39213 | IceCv    | Received a gift from Trog
 39412 | IceCv    | Noticed a shard shrike
 39436 | IceCv    | Killed a shard shrike
 39712 | IceCv    | Reached XP level 19. HP: 130/131 MP: 19/19
 42592 | Snake:3  | Received a gift from Trog
 42773 | Snake:4  | Entered Level 4 of the Snake Pit
 43834 | Snake:4  | Found Kine's Antique Weapon Emporium.
 44168 | Snake:4  | Found Vozackecs's Antique Weapon Shop.
 45184 | Snake:4  | Got a serpentine rune of Zot
 45270 | Snake:4  | Found a glowing golden altar of the Shining One.
 45740 | Vaults:1 | Entered Level 1 of the Vaults
 45810 | Vaults:1 | Reached XP level 20. HP: 137/139 MP: 20/20
 46515 | Vaults:1 | Received a gift from Trog
 48027 | Vaults:2 | Identified the +1 dire flail "Hohy" {antimagic, rF+ Str-2
                  | Dex+4} (Trog gifted it to you on level 2 of the Vaults)
 48027 | Vaults:2 | Received a gift from Trog
 48238 | Vaults:2 | Found a staircase to the Crypt.
 48284 | Vaults:2 | Mangled by an orc knight

Illustrated notes

Levels and vault maps discovered:
D:1:      minmay_arrival_three_doors, layout_basic,
          dilly_ecumenical_altar_fadedgnrine, minmay_misc_feat_square,
          minmay_tetromino_l2
D:2:      minmay_angry_zag, layout_loops_cross, hangedman_decor_clover_reticule,
          hangedman_abyss_or_decor_stabs
D:3:      layout_loops_ring, slow_altar_1, mainiacjoe_overflow_two_lobes,
          serial_shops, shop, uniq_jessica
D:4:      layout_gridville, amcnicky_altar_gilded, serial_undead,
          serial_undead_d, serial_undead_b, serial_undead_a, serial_undead_d,
          kennysheep_cross_bottleneck
D:5:      layout_rooms, grunt_qazlal_sundering, minmay_temple_entry_junction,
          grunt_decor_junction
D:6:      wad_pebble_path, layout_loops_corners
D:7:      layout_basic, grunt_ministairs_5
D:8:      layout_rooms, gammafunk_ghost_nasty_kobolds, hangedman_decor_opposing,
          uniq_gastronok, uniq_maggie, uniq_psyche
D:9:      layout_cave_pods
D:10:     layout_cave_pools, nicolae_vehumet_radiance, enter_trove_6,
          hangedman_fish_farm
D:11:     layout_cave_pools, david_lair_generic,
          kennysheep_orc_monster_closet_entryway, serial_bayou_lake_a, uniq_grum
D:12:     layout_long_grid, uniq_snorg, uniq_nessos, uniq_rupert
D:13:     layout_irregular_city
D:14:     layout_roguey, erik_vaults_2, serial_bayou, serial_bayou_pond_d,
          serial_bayou_lagoon_a, serial_bayou_shore_b, serial_bayou_shore_a,
          palyth_stone_intersect, serial_park_tiny_pond, kennysheep_donut,
          grunt_decor_arrowhead, kennysheep_nondescript
D:15:     hangedman_depths_entry_civil_slaughter, layout_basic,
          minmay_misc_feat_columns
Lair:1:   layout_gridlike, beast_lair_carwin_7
Lair:2:   layout_regular_city, chequers_serial_rivers_room_a,
          nicolae_quartered_pool_super
Lair:3:   layout_cave_pods, guppyfry_snake_entry_island,
          hellmonk_guarded_unrand_zhor, uniq_sonja
Lair:4:   layout_loops_ring, minmay_shoals_entry_hut, grunt_megastairs_5
Lair:5:   layout_roguey
Lair:6:   hangedman_lair_caniforms_friends, layout_regular_city,
          nicolae_slime_entry_slimehenge, gauntlet_entry_generic,
          cheibrodos_lair_lostbears
Shoals:1: layout_shoals, nicolae_shoals_flooded_hall
Shoals:2: layout_shoals
Shoals:3: layout_shoals
Shoals:4: shoals_end_grunt_ice, layout_shoals, nicolae_specific_store,
          nicolae_shoals_goliath_grotto, uniq_louise
Snake:1:  layout_honeycomb, nicolae_snake_gridmaze_zigzag, nicolae_snake_shapes
Snake:2:  layout_layer_cave, portal_ice_cave_entry_pillars_2
Snake:3:  layout_cave_pods
Snake:4:  minmay_snake_end_coiled, layout_onion, basic_altar, serial_shops,
          nicolae_shop_crystal, minmay_shop_star
Orc:1:    layout_diamond_mine, serial_shops, nicolae_square_shop
Orc:2:    grunt_orc_tribal_feast, layout_caves
Vaults:1: nicolae_vaults_little_squares_4, v_alt_pattern_6,
          vaults_mumra_minichess_inversion, ontoclasm_vaults_chip,
          vaults_room_octagon, nicolae_vaults_network_quinsquares
          [nicolae_vaults_network_quincunx_subvault,
          nicolae_vaults_network_quincunx_subvault,
          nicolae_vaults_network_quincunx_subvault,
          nicolae_vaults_network_quincunx_subvault], v_misc_29, v_misc_12,
          layout_vaults_quadrants
Vaults:2: nicolae_vaults_network_periphery, minmay_crypt_entry_simple_sparse,
          nicolae_vaults_what_the_h, nicolae_vaults_yaktaur_gun_rack,
          nicolae_vaults_statue_guard, nicolae_vaults_big_angled_halls,
          v_alt_pattern_1, hangedman_vaults_river_flow, vaults_mumra_hexcomb,
          v_misc_16, hangedman_vaults_stagger, nicolae_vaults_little_squares_1,
          ontoclasm_vaults_decontamination, vaults_dpeg_diagonal,
          layout_vaults_maze

Skill      XL: |  1  2  3  4  5  6  7  8  9 10 11 12 13 14 15 16 17 18 19 20 |
---------------+-------------------------------------------------------------+-----
Dodging        | 2 3 4 5 6 7 8 9 10 11 12 13 | 13.9
Fighting       | 4 5 6 7 8 10 11 12 13 14 16 17 18 19 | 19.8
Armour         | 3 4 5 6 8 9 11 12 13 14 15 16 17 18 19 | 19.7
Maces & Flails | 4 5 6 7 9 10 11 12 13 14 15 16 17 18 | 18.4

Action                   |  1- 3 |  4- 6 |  7- 9 | 10-12 | 13-15 | 16-18 | 19-21 || total
-------------------------+-------+-------+-------+-------+-------+-------+-------++-------
Melee: Mace              |    80 |   128 |       |       |       |       |       ||   208
       Flail             |       |    40 |   443 |   434 |       |       |       ||   917
       Great mace        |       |       |       |    63 |  1017 |   348 |       ||  1428
       Dire flail        |       |       |       |    29 |       |  1295 |   996 ||  2320
Throw: Throwing net      |       |       |       |     2 |       |       |       ||     2
Invok: Berserk           |     1 |     6 |     5 |    13 |    13 |    10 |     4 ||    52
       Trog's Hand       |       |     1 |     4 |     4 |    13 |     7 |     2 ||    31
       Brothers in Arms  |       |       |       |     4 |     3 |     7 |       ||    14
Evoke: Wand              |       |       |       |     7 |       |       |       ||     7
  Use: Scroll            |       |     1 |     5 |     4 |     3 |    17 |       ||    30
       Potion            |       |       |     1 |     3 |       |     7 |       ||    11
 Stab: Sleeping          |     1 |     1 |       |       |     2 |    14 |     3 ||    21
       Invisible         |       |       |     1 |       |       |       |       ||     1
       Distracted        |       |       |       |       |     3 |     3 |     3 ||     9
Armor: Animal skin       |    31 |    69 |    39 |       |    99 |   364 |   235 ||   837
       Plate armour      |       |       |   343 |   499 |   116 |       |       ||   958
       Scale mail        |       |       |       |       |   284 |       |       ||   284
Dodge: Dodged            |    42 |   129 |   305 |   362 |  1313 |  1837 |   927 ||  4915
